 Dungeon Crawl Stone Soup version 0.23-a0-704-g7fdf9c5 (webtiles) character file.

4058 Lilu the Thaumaturge (level 10, 0/58 HPs)
             Began as a Deep Elf Conjurer on Jan 14, 2019.
             Was a Follower of Vehumet.
             Slain by a porcupine (9 damage)
             ... on level 8 of the Dungeon.
             The game lasted 00:21:44 (8487 turns).

Lilu the Thaumaturge (Deep Elf Conjurer)            Turns: 8487, Time: 00:21:44

Health: 0/58       AC:  7    Str:  5    XL:     10   Next: 4%
Magic:  2/25       EV: 14    Int: 24    God:    Vehumet [*.....]
Gold:   278        SH:  7    Dex: 17    Spells: 9/28 levels left

rFire    . . .     SeeInvis .   r - +3 whip (elec)
rCold    . . .     Gourm    .   d - +0 shield "Zoec Xarphiokk" {rPois MR+ Dex+2}
rNeg     . . .     Faith    .   i - +0 leather armour
rPois    +         Spirit   .   a - +0 helmet
rElec    .         Reflect  .   (no cloak)
rCorr    .         Harm     .   o - +0 pair of gloves
MR       ++...                  e - +1 pair of boots
Stlth    ++........             (no amulet)
HPRegen  0.19/turn              (no ring)
MPRegen  0.19/turn              (no ring)

@: no status effects
A: no striking features
a: Renounce Religion


You were on level 8 of the Dungeon.
You worshipped Vehumet.
Vehumet was aware of your devotion.
You were not hungry.

You visited 2 branches of the dungeon, and saw 9 of its levels.

You collected 278 gold pieces.

Inventory:

Hand Weapons
 r - a +3 whip of electrocution (weapon)
 u - a +1 whip of venom
 x - a +2 dagger of speed
Missiles
 t - 25 poisoned needles
Armour
 a - a +0 helmet (worn)
 d - the +0 shield "Zoec Xarphiokk" (worn) {rPois MR+ Dex+2}
   (You acquired it on level 7 of the Dungeon)

   It affects your dexterity (+2).
   It protects you from poison.
   It affects your resistance to hostile enchantments.
 e - a +1 pair of boots (worn)
 i - a +0 leather armour (worn)
 o - a +0 pair of gloves (worn)
Wands
 l - a wand of random effects (37)
 y - a wand of disintegration (16)
 z - a wand of flame (22)
Scrolls
 b - 4 scrolls of teleportation
 f - 2 scrolls of remove curse
 v - a scroll of amnesia
 A - a scroll of magic mapping
 B - a scroll of torment {unknown}
Potions
 h - 7 potions of curing
 j - a potion of flight
 k - a potion of cancellation {unknown}
 m - a potion of mutation {unknown}
 n - a potion of agility {unknown}
 p - 3 potions of haste
 q - a potion of berserk rage {unknown}
 s - 2 potions of heal wounds
 w - a potion of magic {unknown}
Comestibles
 c - 13 rations
 g - 5 chunks of flesh


   Skills:
 + Level 4.4 Fighting
 - Level 9.0 Dodging
 - Level 3.4 Stealth
 + Level 2.2 Shields
 + Level 9.9 Spellcasting
 - Level 9.0 Conjurations
 + Level 2.3 Summonings
 + Level 2.2 Air Magic


You had 9 spell levels left.
You knew the following spells:

 Your Spells              Type           Power        Failure   Level  Hunger
a - Magic Dart            Conj           ####         1%          1    None
b - Searing Ray           Conj           ######       1%          2    None
c - Iskenderun's Mystic   Conj           ######..     11%         4    #......
d - Force Lance           Conj/Tloc      ####....     58%         4    #......
e - Fulminant Prism       Conj/Hex       ####......   58%         4    #......
f - Summon Lightning Spi  Summ/Air       ###.....     87%         4    #......

Your spell library contained the following spells:

 Spells                   Type           Power        Failure   Level  Hunger
 Sandblast                Erth           ##....       43%         1    None
 Summon Small Mammal      Summ           ###.         17%         1    None
 Dazzling Spray           Conj/Hex       ####..       22%         3    None
 Call Imp                 Summ           ###.....     26%         2    None
 Call Canine Familiar     Summ           ###.....     45%         3    None
 Summon Guardian Golem    Hex/Summ       ###.....     63%         3    None
 Summon Ice Beast         Ice/Summ       ###.....     95%         4    #......


Dungeon Overview and Level Annotations

Branches:
Dungeon (8/15)             Temple (1/1) D:7
   Lair: D:8-11

Altars:
Ashenzari
Cheibriados
Dithmenos
Elyvilon
Fedhas
Gozag
Hepliaklqana
Kikubaaqudgha
Makhleb
Nemelex Xobeh
Okawaru
Qazlal
Ru
Trog
Uskayaw
Vehumet
Wu Jian
Xom
Yredelemnul
Zin
The Shining One


Message History

You finish channeling your searing ray.
Casting: Searing Ray (safe; 1% risk of failure)
Confirm with . or Enter, or press ? or * to list all spells.
Aiming: Searing Ray (safe; 1% risk of failure)
Press: ? - help, Shift-Dir - straight line, f - porcupine
Aim: a porcupine The searing ray misses the porcupine. (Press . to maintain the ray.)
The searing ray hits the porcupine.
The porcupine is severely wounded.
The porcupine bites you! x2
* * * LOW HITPOINT WARNING * * *
Without enough magic to sustain it, your searing ray dissipates.
The porcupine barely misses you.
Found 12 gold pieces.
The porcupine bites you.
* * * LOW HITPOINT WARNING * * *
The crimson imp blinks!
The porcupine bites you!
You die...

.........^.#.#### ..
....#......#.#..## ...
...........#.#..##$...
.########.##....##.#.#######
.#......)).................
##...##.#....#..#..#.#...# #.
#(####.#..####.#...# #
#...##(####.#.....).....#.#..
...>....()).....@r............
........###.......##.#......#
...#....###....#####.#.#....#
.. #....#.......# #.#5# ...#
###
##.....#.....####.#)########..
#.....#..รท..#......#.........
#.....#..#.##......#.........
#........#'##......#.........
###...........##.#....K......


You could see a porcupine.

Vanquished Creatures
  Pikel (D:5)
  Sigmund (D:2)
  Eustachio (D:5)
  Edmund (D:6)
  Duvessa (D:6)
  A porcupine (D:8)
  2 ice beasts
  An orc warrior (D:5)
  4 slaves (D:5)
  3 ogres
  3 wolves (D:8)
  2 centaurs
  2 crocodiles (D:8)
  A big kobold (D:8)
  4 bullfrogs
  Dowan (D:6)
  12 killer bees (D:7)
  A howler monkey (D:4)
  A centaur zombie (D:8)
  A jelly (D:5)
  4 orc priests
  2 hounds
  7 orc wizards
  An iguana (D:6)
  Terence (D:2)
  4 worker ants
  2 hound zombies
  3 hound skeletons
  A worker ant zombie (D:5)
  Robin (D:2)
  8 adders
  2 shadow imps
  An adder skeleton (D:4)
  An adder zombie (D:5)
  2 worms
  3 dart slugs
  5 leopard geckos
  35 orcs
  A ball python (D:1)
  6 bats
  5 giant cockroaches
  19 goblins
  11 hobgoblins
  10 jackals
  4 quokkas
  2 frilled lizards (D:5)
  9 kobolds
  2 quokka skeletons
  7 rats
  2 butterflies (D:3)
205 creatures vanquished.

Vanquished Creatures (others)
  6 fungi (D:8)
6 creatures vanquished.

Grand Total: 211 creatures vanquished

Notes
Turn   | Place    | Note
-------+----------+-------------------------------------------
     0 | D:1      | Lilu the Deep Elf Conjurer began the quest for the Orb.
     0 | D:1      | Reached XP level 1. HP: 10/10 MP: 6/6
   335 | D:1      | Reached XP level 2. HP: 15/15 MP: 5/8
   526 | D:1      | Learned a level 2 spell: Searing Ray
   777 | D:1      | Reached XP level 3. HP: 19/19 MP: 3/10
  1268 | D:2      | Noticed Terence
  1678 | D:2      | Noticed Sigmund
  1871 | D:2      | Killed Sigmund
  1871 | D:2      | Reached skill level 5 in Conjurations
  1871 | D:2      | Reached XP level 4. HP: 11/24 MP: 1/12
  1871 | D:2      | Reached XP level 5. HP: 13/28 MP: 1/14
  2060 | D:2      | Killed Terence
  2060 | D:2      | Reached skill level 5 in Spellcasting
  2227 | D:2      | Noticed Robin
  2249 | D:2      | Killed Robin
  2613 | D:3      | Reached XP level 6. HP: 32/32 MP: 10/15
  2881 | D:3      | Reached skill level 5 in Dodging
  2921 | D:3      | Found a shimmering altar of Xom.
  2993 | D:3      | Found a white marble altar of Elyvilon.
  3088 | D:3      | Found a burning altar of Makhleb.
  3622 | D:4      | Found a shadowy altar of Dithmenos.
  3676 | D:4      | Reached XP level 7. HP: 31/36 MP: 10/18
  4467 | D:4      | Learned a level 4 spell: Iskenderun's Mystic Blast
  4472 | D:4      | Learned a level 4 spell: Force Lance
  4477 | D:4      | Learned a level 4 spell: Fulminant Prism
  4656 | D:5      | Entered Level 5 of the Dungeon
  4798 | D:5      | Noticed Eustachio
  4807 | D:5      | Killed Eustachio
  4807 | D:5      | Reached skill level 1 in Fighting
  4807 | D:5      | Reached XP level 8. HP: 28/43 MP: 7/20
  4818 | D:5      | Noticed Pikel
  5109 | D:5      | Killed Pikel
  5610 | D:5      | Found an iron altar of Okawaru.
  5901 | D:6      | Reached XP level 9. HP: 51/51 MP: 13/23
  6032 | D:6      | Noticed Edmund
  6042 | D:6      | Killed Edmund
  6052 | D:6      | Noticed Duvessa
  6052 | D:6      | Noticed Dowan
  6059 | D:6      | Killed Duvessa
  6061 | D:6      | Killed Dowan
  6731 | D:7      | Identified a scroll of acquirement
  6732 | D:7      | Got a scorched shield
  6738 | D:7      | Identified the +0 shield "Zoec Xarphiokk" {rPois MR+ Dex+2}
                  | (You acquired it on level 7 of the Dungeon)
  7239 | D:7      | Reached skill level 1 in Shields
  7259 | D:7      | Found a staircase to the Ecumenical Temple.
  7266 | Temple   | Entered the Ecumenical Temple
  7323 | Temple   | Became a worshipper of Vehumet
  7502 | D:7      | Learned a level 4 spell: Summon Lightning Spire
  7714 | D:7      | Reached skill level 1 in Summonings
  7714 | D:7      | Reached skill level 1 in Air Magic
  8195 | D:8      | Reached * piety under Vehumet
  8195 | D:8      | Offered knowledge of Sandblast by Vehumet.
  8444 | D:8      | Reached XP level 10. HP: 54/58 MP: 5/25
  8487 | D:8      | Slain by a porcupine

Vault maps used:
D:1:      saegor_arrival_simple_e
D:2:      uniq_robin, uniq_terence, uniq_sigmund
D:3:      elyvilon_altar_1, makhleb_grotto_becter, xom_butterflies
D:4:      nicolae_overflow_hidden_temple, first_ration
D:5:      marbit_many_paths, uniq_pikel, uniq_eustachio
D:6:      uniq_edmund, uniq_duvessa
D:7:      minmay_temple_entry_gardened_gates
D:8:      minmay_lair_entry_grove
Temple:   eino_temple_scatter_basement

Skill      XL: |  1  2  3  4  5  6  7  8  9 |
---------------+----------------------------+-----
Stealth        | 3 |  3.4
Dodging        | 3 4 5 6 7 9 |  9.0
Spellcasting   | 4 5 6 7 8 9 |  9.9
Conjurations   | 5 6 7 8 9 |  9.0
Fighting       | 1 3 4 |  4.4
Shields        | 2 |  2.2
Summonings     | 2 |  2.3
Air Magic      | 2 |  2.2

Action                   |  1- 3 |  4- 6 |  7- 9 | 10-12 || total
-------------------------+-------+-------+-------+-------++-------
Melee: Dagger            |       |    15 |       |       ||    15
       Whip              |       |     3 |    93 |     6 ||   102
 Cast: Magic Dart        |    75 |    56 |   115 |       ||   246
       Searing Ray       |     5 |    16 |    57 |     3 ||    81
       Iskenderun's Myst |       |       |     4 |       ||     4
       Force Lance       |       |       |     1 |       ||     1
  Use: Scroll            |       |     1 |    13 |       ||    14
 Stab: Sleeping          |       |       |     1 |       ||     1
       Distracted        |       |       |     1 |       ||     1
  Eat: Chunk             |     3 |     5 |    15 |       ||    23
Armor: Robe              |     4 |     3 |       |       ||     7
       Leather armour    |       |     4 |    35 |     2 ||    41
Dodge: Dodged            |    16 |    47 |   132 |    16 ||   211
Block: Shield            |       |       |    39 |     3 ||    42

Table legend:
 A = Non-vault XP
 B = Vault XP
 C = Vault XP percentage of total XP
 D = Non-vault monster count
 E = Vault monster count
 F = Vault count percentage of total count
                 A         B        C        D         E       F
            +---------+---------+-------+---------+---------+-------
      Total |    3477 |    2321 |  40.0 |     175 |      24 |  12.1
            +---------+---------+-------+---------+---------+-------
        D:1 |      58 |       0 |   0.0 |      31 |       0 |   0.0
        D:2 |      36 |     275 |  88.4 |      14 |      10 |  41.7
        D:3 |     291 |      12 |   4.0 |      33 |       1 |   2.9
        D:4 |     387 |       0 |   0.0 |      21 |       0 |   0.0
        D:5 |     610 |     918 |  60.1 |      21 |       3 |  12.5
        D:6 |     382 |     383 |  50.1 |      11 |       3 |  21.4
        D:7 |    1236 |       0 |   0.0 |      24 |       0 |   0.0
        D:8 |     477 |     733 |  60.6 |      20 |       7 |  25.9
            +---------+---------+-------+---------+---------+-------
